 Dungeon Crawl Stone Soup version 0.17-a0-346-g4a5ca9a (webtiles) character file.

173 Emanloe the Covered (level 5, 0/32 HPs)
             Began as a Gargoyle Fighter on Mar 31, 2015.
             Killed by nerve-wracking pain
             ... invoked by Grinder
              (10 damage)
             ... while paralysed by Grinder
             ... on level 3 of the Dungeon.
             The game lasted 00:04:31 (1340 turns).

Emanloe the Covered (Gargoyle Fighter)              Turns: 1340, Time: 00:04:31

Health: 0/32       AC: 11    Str: 20    XL:     5   Next: 53%
Magic:  5/5        EV:  2    Int:  8    God:
Gold:   124        SH:  0    Dex: 10    Spells: 0 memorised, 4 levels left

rFire  . . .     SeeInvis .     j - +10 club
rCold  . . .     Clarity  .     b - +0 scale mail
rNeg   + . .     SustAb   .     c - +0 shield
rPois  ∞         Gourm    .     (no helmet)
rElec  +         Spirit   .     (no cloak)
rCorr  .         Warding  .     (no gloves)
rMut   .         Stasis   .     (no boots)
MR     .....                    (no amulet)
Stlth  ..........               (no ring)
                                (no ring)

@: paralysed, not resistant to hostile enchantments, extremely unstealthy
A: negative energy resistance 1, electricity resistance, unbreathing,
petrification resistance, rot immunity, AC +4
a: no special abilities


You were on level 3 of the Dungeon.
You were near starving.

You visited 1 branch of the dungeon, and saw 3 of its levels.

You collected 124 gold pieces.

Inventory:

Hand weapons
 a - a +0 flail
 j - a +10 club (weapon)
Armour
 b - a +0 scale mail (worn)
 c - a +0 shield (worn)
Scrolls
 h - 3 scrolls of identify {unknown}
 i - a scroll of blinking {unknown}
 m - a scroll of magic mapping {unknown}
 n - a scroll of random uselessness {unknown}
 p - a scroll of fog {unknown}
Potions
 e - a potion of might
 f - a potion of heal wounds {unknown}
 g - a potion of haste {unknown}
 k - a potion of invisibility {unknown}
Comestibles
 d - a bread ration
 l - 4 fruits
 o - 2 beef jerkies
 q - a meat ration


   Skills:
 + Level 3.6 Fighting
 * Level 3.5 Maces & Flails
 + Level 4.0 Armour
 + Level 1.3 Dodging
 + Level 2.4 Stealth
 + Level 3.7 Shields


You had 4 spell levels left.
You didn't know any spells.

Dungeon Overview and Level Annotations

Branches:
Dungeon (3/15)

Altars:
Gozag
Kikubaaqudgha

Annotations:
D:3 Grinder


Innate Abilities, Weirdness & Mutations

You are resistant to torment.
Your stone body is resilient (AC +4).
You are immune to poison.
You resist negative energy.
You are resistant to electric shocks.
You can survive without breathing.
You are immune to petrification.
You are immune to rotting.


Message History

Grinder says, "DUCK!"
Grinder closely misses you. The goblin hits you but does no damage.
You block the orc's attack. Grinder barely misses you.
The orc priest glows brightly for a moment.
Grinder gestures at you.
You barely resist. You thump Grinder!
Grinder is moderately wounded.
Grinder hits you.
You hit Grinder.
Grinder is heavily wounded.
Grinder gestures at you.
You suddenly lose the ability to move!
Grinder hits you. Grinder hits you! Grinder hits you but does no damage.
Grinder hits you. Grinder gestures at you. Pain shoots through your body!
You die...

#.#
########.#
#.#
#........#
#.#
#........# .
#........#
#........#
+........#
#........#
####.###.#
#@# #.######
#5###o......
#g##.PPP.#
#oo.g..o.#
#..P.......#
##.PP.#....#
#...## ._.#
#.... ..#
##.P.. .


You could see Grinder, 2 orcs and a goblin.

Vanquished Creatures
  Ijyb (D:2)
  Jessica (D:2)
  Terence (D:2)
  An adder (D:3)
  3 gnolls (D:2)
  2 worms
  A giant gecko (D:3)
  2 orcs (D:3)
  A ball python (D:1)
  6 giant cockroaches
  5 hobgoblins
  5 kobolds
  2 quokkas
  6 bats
  2 giant newts
  3 goblins
  5 rats
47 creatures vanquished.

Notes
Turn   | Place    | Note
--------------------------------------------------------------
     0 | D:1      | Emanloe, the Gargoyle Fighter, began the quest for the Orb.
     0 | D:1      | Reached XP level 1. HP: 14/14 MP: 1/1
     6 | D:1      | Noticed a killer bee
     6 | D:1      | Noticed a swamp worm
     6 | D:1      | Noticed a black bear
     6 | D:1      | Noticed a wolf
     6 | D:1      | Noticed a fire drake
   145 | D:1      | Reached XP level 2. HP: 19/19 MP: 2/2
   511 | D:1      | Reached skill level 1 in Stealth
   575 | D:2      | Found an opulent altar of Gozag.
   602 | D:2      | Noticed Ijyb
   616 | D:2      | Killed Ijyb
   616 | D:2      | Reached XP level 3. HP: 23/23 MP: 3/3
   651 | D:2      | Noticed Terence
   663 | D:2      | Killed Terence
   663 | D:2      | Reached skill level 1 in Dodging
   663 | D:2      | Reached XP level 4. HP: 23/28 MP: 4/4
   697 | D:2      | Noticed Jessica
   703 | D:2      | Killed Jessica
   805 | D:2      | Reached XP level 5. HP: 20/32 MP: 5/5
  1168 | D:3      | Reached skill level 4 in Armour
  1321 | D:3      | Noticed Grinder
  1322 | D:3      | Found an ancient bone altar of Kikubaaqudgha.
  1336 | D:3      | Paralysed by Grinder for 5 turns
  1340 | D:3      | Killed from afar by Grinder

Action                   |  1- 3 |  4- 6 || total
-------------------------+-------+-------++-------
Melee: Flail             |    67 |     7 ||    74
       Club              |       |    70 ||    70
